 Dungeon Crawl Stone Soup version 0.28-a0-683-ga8797d1ae1 (webtiles) character file.

Game seed: 10543679631891513878

49 pokeman the Magician (level 3, -3/20 HPs)
             Began as a Deep Elf Hedge Wizard on Oct 18, 2021.
             Killed from afar by Sigmund (11 damage)
             ... with a magic dart
             ... on level 2 of the Dungeon.
             The game lasted 00:03:58 (2420 turns).

pokeman the Magician (Deep Elf Hedge Wizard)        Turns: 2420, Time: 00:03:59

Health: -3/20      AC:  3    Str:  7    XL:     3   Next: 53%
Magic:  9/11       EV: 12    Int: 19    God:
Gold:   18         SH:  0    Dex: 14    Spells: 1/12 levels left

rFire   . . .      SeeInvis .   a - +0 dagger
rCold   . . .      Faith    .   (no shield)
rNeg    . . .      Spirit   .   e - +0 leather armour
rPois   .          Reflect  .   c - +0 hat
rElec   .          Harm     .   (no cloak)
rCorr   .          Rampage  .   (no gloves)
Will    .....                   (no boots)
Stlth   +.........              (no amulet)
HPRegen 0.06/turn               (no ring)
MPRegen 0.12/turn               (no ring)

@: confused
A: no striking features
a: no special abilities


You were on level 2 of the Dungeon.
You visited 1 branch of the dungeon, and saw 2 of its levels.

You collected 67 gold pieces.
You spent 49 gold pieces at shops.

Inventory:

Hand Weapons
 a - a +0 dagger (weapon)
Missiles
 i - 15 arrows
Armour
 c - a +0 hat (worn)
 e - a +0 leather armour (worn)
Scrolls
 b - a scroll of fear {unknown}
 d - a scroll of silence {unknown}
 f - a scroll of identify {unknown}
 h - a scroll of magic mapping
 j - 2 scrolls of noise {unknown}
Potions
 g - a potion of flight {unknown}
 k - a potion of curing {unknown}
 l - a potion of haste {unknown}
 m - a potion of brilliance {unknown}


   Skills:
 + Level 0.9 Fighting
 - Level 1.0 Armour
 + Level 2.5 Dodging
 - Level 2.4 Stealth
 * Level 5.2 Spellcasting
 + Level 2.0 Conjurations
 - Level 1.1 Summonings
 - Level 1.1 Translocations


You had one spell level left.
You knew the following spells:

 Your Spells              Type           Power      Damage    Failure   Level
a - Magic Dart            Conj           48%        1d5       8%          1
b - Mephitic Cloud        Conj/Pois/Air  7%         N/A       38%         3
c - Call Imp              Summ           9%         N/A       17%         2
d - Blink                 Tloc           N/A        N/A       17%         2
e - Conjure Flame         Conj/Fire      8%         6-21      34%         3

Your spell library contained the following spells:

 Spells                   Type           Power      Damage    Failure   Level
 Passwall                 Tmut/Erth      3%         N/A       26%         2
 Slow                     Hex            4%         N/A       26%         2
 Swiftness                Air            4%         N/A       47%         3
 Dispersal                Tloc           4%         N/A       100%        6
 Invisibility             Hex            2%         N/A       100%        6
 Disjunction              Tloc           4%         N/A       100%        8


Dungeon Overview and Level Annotations

Branches:
Dungeon (2/15)

Altars:

Shops:
D:1 ?

Annotations:
D:2 Sigmund


Message History

A ball python is nearby!
Casting: Magic Dart (safe; 8% risk of failure)
Confirm with . or Enter, or press ? or * to list all spells.
Aiming: Magic Dart (safe; 8% risk of failure)
Press: ? - help, Shift-Dir - straight line, f/p - ball python
Aim: a ball python (severely wounded, 100% to hit)
The magic dart hits the ball python.
You kill the ball python!
Your Conjurations skill increases to level 2!
Casting: Magic Dart (safe; 8% risk of failure)
Confirm with . or Enter, or press ? or * to list all spells.
You can't see any susceptible monsters within range! (Use Z to cast anyway.) Unknown command.
You see here a hobgoblin corpse.
Things that are here:
a +0 club; a kobold skeleton You now have 18 gold pieces (gained 7).
What are your orders? t - Shout!
Orders for allies: a - Attack new target. r - Retreat! s - Stop attacking. g - Guard the area. f - Follow me.
Anything else - Cancel.
You shout for attention!
Sigmund shouts!
Sigmund gestures wildly while chanting.
Sigmund flickers and vanishes!
Deactivating autopickup; reactivate with Ctrl-A.
Casting: Magic Dart (safe; 8% risk of failure)
Confirm with . or Enter, or press ? or * to list all spells.
The spell is potentially lethal to cast (34% risk of failure)!
Continue anyway?
The fire begins to smoulder!
The fire ignites!
You are confused.
Something hits you!
Ouch! That really hurt!
You bump into the rock wall.
A magic dart appears from out of thin air!
The magic dart hits you!
Ouch! That really hurt!
You die...

#.............#......#.#..#######
#.#..........##.♣..♣.#.##..#
..#...........'..##..'...#.######
.##.......†...'..##..@.#.........
.#####.#.######.♣..♣.####).......
...##.........#......#...........
...###...#############...........
...###...# #..# ####........
##...#.<.#### #@### #........
####.#.#....####...# ##.##)..##
#.....<#........##☼#####..##.#...
#......#........##{......###.##..
#.....)..........####...## #.#.>#
#####...#........###.....# #.#.##
##..#............###.# #...
#.......................##
#........................


There were no monsters in sight!

Vanquished Creatures
  3 dart slugs
  5 ball pythons
  4 endoplasms
  3 giant cockroaches
  2 goblins (D:1)
  A hobgoblin (D:2)
  2 jackals (D:1)
  7 kobolds
  A quokka (D:1)
  3 bats (D:1)
  2 frilled lizards
  2 rats (D:1)
35 creatures vanquished.

Vanquished Creatures (collateral kills)
  A worm (D:2)
1 creature vanquished.

Grand Total: 36 creatures vanquished

Notes
Turn   | Place    | Note
-------+----------+-------------------------------------------
     0 | D:1      | pokeman the Deep Elf Hedge Wizard began the quest for the
                  | Orb.
     0 | D:1      | Reached XP level 1. HP: 10/10 MP: 7/7
   239 | D:1      | Found Hagiofy's Magic Scroll Emporium.
   423 | D:1      | Reached XP level 2. HP: 10/16 MP: 1/9
  1004 | D:1      | Reached skill level 5 in Spellcasting
  1301 | D:1      | Reached XP level 3. HP: 20/20 MP: 9/11
  1305 | D:1      | Learned a level 3 spell: Mephitic Cloud
  1308 | D:1      | Learned a level 2 spell: Call Imp
  1311 | D:1      | Learned a level 2 spell: Blink
  1315 | D:1      | Learned a level 3 spell: Conjure Flame
  1653 | D:1      | Bought a scroll of magic mapping for 49 gold pieces
  2093 | D:2      | Reached skill level 1 in Armour
  2100 | D:2      | Noticed Sigmund
  2420 | D:2      | Killed from afar by Sigmund

Illustrated notes

Levels and vault maps discovered:
D:1:      lightli_arrival_quake, layout_loops_corners, serial_shops,
          nicolae_shop_behind_doors
D:2:      layout_rooms, kennysheep_generic_room_15, uniq_crazy_yiuf_cottage,
          uniq_sigmund

Skill      XL: |  1  2  3 |
---------------+----------+-----
Spellcasting   | 5 |  5.2
Armour         | 1 |  1.0
Conjurations   | 2 |  2.0
Fighting       | |  0.9
Dodging        | |  2.5
Stealth        | |  2.4
Summonings     | |  1.1
Translocations | |  1.1

Action                   || total
-------------------------++-------
Melee: Dagger            ||     3
 Cast: Magic Dart        ||   105
       Conjure Flame     ||     2
       Call Imp          ||     1
Armor: Robe              ||     1
       Leather armour    ||     3
Dodge: Dodged            ||    13

Table legend: (Time is in decaauts)
 A = Elapsed time spent in this place.
 B = Non-inter-level travel time spent in this place.
 C = Inter-level travel time spent in this place.
 D = Time resting spent in this place.
 E = Time spent auto-exploring this place.
 F = Levels seen in this place.
 G = Mean time per level.
                   A        B        C        D        E       F      G
               +--------+--------+--------+--------+--------+-----+--------+
         Total |   2420 |   2300 |    120 |    326 |   1682 |   2 | 1210.0 |
       Dungeon |   2420 |   2300 |    120 |    326 |   1682 |   2 | 1210.0 |
               +--------+--------+--------+--------+--------+-----+--------+

Top non-repeatable levels by time:
     D:1: 1786 daAuts
     D:2: 634 daAuts
